 Dungeon Crawl Stone Soup version 0.27.1 (webtiles) character file.

Game seed: 18152071513510258026

7649 szrap the Scholar of Death (level 10, -2/91 HPs)
             Began as a Deep Dwarf Necromancer on Aug 25, 2021.
             Was a Follower of Kikubaaqudgha.
             Slain by a two-headed ogre (5 damage)
             ... on level 9 of the Dungeon on Sept 1, 2021.
             The game lasted 00:48:17 (18412 turns).

szrap the Scholar of Death (DDNe)                  Turns: 18412, Time: 00:48:17

Health: -2/91      AC: 11    Str: 12    XL:     10   Next: 99%
Magic:  3/18       EV: 14    Int: 19    God:    Kikubaaqudgha [*.....]
Gold:   269        SH:  0    Dex: 13    Spells: 1/20 levels left

rFire    + + .     SeeInvis .   u - +5 flail (vamp)
rCold    . . .     Faith    .   (no shield)
rNeg     . . .     Spirit   .   G - +2 leather armour {rF+}
rPois    .         Reflect  .   y - +2 helmet
rElec    .         Harm     .   d - scarf {shadows}
rCorr    +         Rampage  .   f - +2 pair of gloves
Will     +....                  (no boots)
Stlth    ++........             (no amulet)
HPRegen  0.00/turn              E - ring of protection from fire
MPRegen  0.16/turn              j - ring of resist corrosion

@: no status effects
A: damage resistance, heal wounds, sense surroundings 2, no regeneration
a: Heal Wounds, Renounce Religion, Receive Corpses


You were on level 9 of the Dungeon.
You worshipped Kikubaaqudgha.
Kikubaaqudgha was aware of your devotion.
You visited 2 branches of the dungeon, and saw 10 of its levels.
You also visited: Ossuary.

You collected 519 gold pieces.
You spent 250 gold pieces at shops.

Inventory:

Hand Weapons
 b - a +1 short sword of speed
 c - a +0 hunting sling of flaming
 u - a +5 vampiric flail (weapon)
Armour
 a - a +0 robe
 d - a scarf of shadows (worn)
 f - a +2 pair of gloves (worn)
 x - a +1 ring mail of poison resistance
 y - a +2 helmet (worn)
 z - a +0 buckler of reflection
 G - a +2 leather armour of fire resistance (worn)
Jewellery
 j - a ring of resist corrosion (right hand)
 E - a ring of protection from fire (left hand)
Wands
 t - a wand of paralysis (7)
 C - a wand of iceblast (6)
 H - a wand of flame (10)
 I - a wand of mindburst (12)
Scrolls
 g - 2 scrolls of holy word
 n - a scroll of fog
 q - a scroll of blinking
 s - 5 scrolls of teleportation
 D - a scroll of summoning {unknown}
Potions
 e - a potion of attraction {unknown}
 h - a potion of mutation {unknown}
 i - 3 potions of flight
 k - 3 potions of lignification
 l - 2 potions of magic
 m - 7 potions of curing
 o - 2 potions of haste
 p - a potion of ambrosia {unknown}
 r - a potion of might {unknown}
 v - 2 potions of invisibility
 w - 4 potions of brilliance
 A - 2 potions of degeneration {unknown}
 B - 2 potions of heal wounds {unknown}
 F - a potion of cancellation {unknown}


   Skills:
 * Level 6.0 Fighting
 - Level 0.2 Short Blades
 + Level 3.8 Maces & Flails
 * Level 7.6 Dodging
 - Level 2.4 Stealth
 - Level 5.6 Spellcasting
 * Level 5.0 Conjurations
 + Level 11.9 Necromancy


You had one spell level left.
You knew the following spells:

 Your Spells              Type           Power      Damage    Failure   Level
a - Pain                  Necr           100%       1d9       1%          1
b - Animate Skeleton      Necr           100%       N/A       1%          1
c - Vampiric Draining     Necr           25%        2d9       1%          3
d - Animate Dead          Necr           25%        N/A       1%          4
e - Agony                 Necr           50%        N/A       3%          5
f - Mephitic Cloud        Conj/Pois/Air  11%        N/A       22%         3
g - Sublimation of Blood  Necr           25%        N/A       1%          2

Your spell library contained the following spells:

 Spells                   Type           Power      Damage    Failure   Level
 Apportation              Tloc           10%        N/A       16%         1
 Corona                   Hex            5%         N/A       16%         1
 Sting                    Tmut/Pois      20%        1d4       16%         1
 Summon Small Mammal      Summ           20%        N/A       16%         1
 Poisonous Vapours        Pois/Air       10%        N/A       22%         2
 Call Canine Familiar     Summ           5%         N/A       41%         3
 Ignite Poison            Fire/Tmut/Pois 5%         N/A       41%         3
 Portal Projectile        Hex/Tloc       10%        N/A       41%         3
 Summon Guardian Golem    Hex/Summ       5%         N/A       41%         3
 Hailstorm                Conj/Ice       14%        3d5       45%         4
 Ice Form                 Ice/Tmut       5%         N/A       83%         4
 Leda's Liquefaction      Hex/Erth       2%         N/A       83%         4
 Olgreb's Toxic Radiance  Pois           5%         N/A       83%         4
 Simulacrum               Ice/Necr       14%        N/A       89%         6
 Bolt of Magma            Conj/Fire/Erth 5%         4d5       90%         5
 Orb of Destruction       Conj           12%        9d6       100%        7
 Spellforged Servitor     Conj/Summ      7%         N/A       100%        7


Dungeon Overview and Level Annotations

Branches:
Dungeon (9/15)             Temple (1/1) D:4         Ossuary (visited)
   Lair: D:8-11         Orc: D:9-12

Altars:
Ashenzari
Cheibriados
Dithmenos
Elyvilon
Fedhas
Gozag
Hepliaklqana
Kikubaaqudgha
Makhleb
Nemelex Xobeh
Okawaru
Qazlal
Ru
Sif Muna
Trog
Uskayaw
Vehumet
Wu Jian
Xom
Yredelemnul
Zin
The Shining One

Shops:
D:7 *   D:8 =

Annotations:
D:3 2 transporters, Naeght's ghost, amateur DrGl


Innate Abilities, Weirdness & Mutations

You are resistant to damage.
You can heal yourself by infusing magical energy.
You passively map the area around you.
You do not regenerate.


Message History

Confirm with . or Enter, or press ? or * to list all spells.
Aiming: Vampiric Draining (safe; 1% risk of failure)
Press: ? - help, Shift-Dir - straight line, f/p - two-headed ogre
Aim: a two-headed ogre, wielding two +0 giant clubs (heavily wounded)
You draw life force from the two-headed ogre.
You feel life coursing into your body.
The two-headed ogre hits you with a +0 giant club! x2
Casting: Vampiric Draining (safe; 1% risk of failure)
Confirm with . or Enter, or press ? or * to list all spells.
Aiming: Vampiric Draining (safe; 1% risk of failure)
Press: ? - help, Shift-Dir - straight line, f/p - two-headed ogre
Aim: a two-headed ogre, wielding two +0 giant clubs (severely wounded)
You draw life force from the two-headed ogre!
You feel life coursing into your body.
The two-headed ogre hits you with a +0 giant club!
The two-headed ogre hits you but does no damage.
You hit the two-headed ogre.
The two-headed ogre is almost dead.
Aiming: Iceblast
Press: ? - help, Shift-Dir - straight line, p - two-headed ogre The mass of ice explodes!
The iceblast engulfs the two-headed ogre.
The two-headed ogre is almost dead.
The two-headed ogre hits you with a +0 giant club!!
* * * LOW HITPOINT WARNING * * *
The two-headed ogre misses you.
Casting: Vampiric Draining (safe; 1% risk of failure)
Confirm with . or Enter, or press ? or * to list all spells.
Aiming: Vampiric Draining (safe; 1% risk of failure)
Press: ? - help, Shift-Dir - straight line, f - two-headed ogre
Aim: a two-headed ogre, wielding two +0 giant clubs (almost dead)
You draw life force from the two-headed ogre.
You feel life coursing into your body.
The two-headed ogre hits you with a +0 giant club!!
* * * LOW HITPOINT WARNING * * *
The two-headed ogre closely misses you. The two-headed ogre misses you.
The two-headed ogre hits you with a +0 giant club.
You die...
Kikubaaqudgha rasps: "You have failed me!
Welcome... death!"

#################################
#..#................#..#.....#...
#..#................#..#.....#...
#..#..#######...#####..#...###...
#..#................#..#.........
#..####................#.....####
#......................#.....#..#
#..............O@......#.....#..#
#..#..####..#########..####.##..#
...####.....#...............#....
#..#..#.....#...............#....
#..#..#.....########....#####....
#..#..#.....#.[..).#....#...#....
#.##..#.....#......#....#...#....
..#.........#..##########...#....
..#.............#.#.#.#.#.#......


You could see a two-headed ogre.

Vanquished Creatures
  A centaur warrior (D:8)
  A two-headed ogre (D:9)
  A manticore (D:8)
  A troll (D:8)
  Prince Ribbit (D:7)
  6 yaks
  4 wyverns
  2 steam dragons
  Edmund (D:5)
  A water moccasin (D:8)
  3 black bears
  4 orc warriors
  3 sky beasts
  A necrophage (D:6)
  2 ogres (D:6)
  5 centaurs
  A kobold brigand (D:7)
  6 bullfrogs
  A scorpion (D:6)
  A wyvern zombie (D:8)
  10 killer bees
  2 wights (D:7)
  A howler monkey (D:6)
  A bullfrog zombie (D:6)
  2 centaur zombies
  2 hounds
  A jelly (D:4)
  2 orc priests (D:3)
  A centaur skeleton (D:7)
  A human zombie (Ossuary)
  An iguana (D:6)
  A gnoll shaman (D:8)
  5 orc wizards
  A killer bee zombie (D:5)
  3 mummies
  2 howler monkey zombies
  Robin (D:2)
  4 gnolls
  3 adders
  A white imp (D:5)
  An ufetubus (D:7)
  An adder zombie (Ossuary)
  An adder skeleton (D:4)
  A worm (D:5)
  2 dart slugs
  22 orcs
  6 endoplasms
  2 giant cockroaches
  14 goblins
  7 hobgoblins
  3 quokkas
  4 ball pythons
  5 bats (D:1)
  3 frilled lizards
  3 goblin zombies
  11 hobgoblin zombies (Ossuary)
  A jackal zombie (Ossuary)
  9 kobolds
  9 kobold zombies (Ossuary)
  10 orc zombies (Ossuary)
  5 rats
  2 rat zombies (Ossuary)
213 creatures vanquished.

Vanquished Creatures (collateral kills)
  2 wraiths (D:9)
  A wight (D:6)
  A white imp (D:7)
4 creatures vanquished.

Vanquished Creatures (others)
  An orc wizard (D:9)
1 creature vanquished.

Grand Total: 218 creatures vanquished

Notes
Turn   | Place    | Note
-------+----------+-------------------------------------------
     0 | D:1      | szrap the Deep Dwarf Necromancer began the quest for the
                  | Orb.
     0 | D:1      | Reached XP level 1. HP: 15/15 MP: 3/3
   171 | D:1      | Learned a level 1 spell: Animate Skeleton
   275 | D:1      | Reached XP level 2. HP: 22/22 MP: 0/4
  1309 | D:1      | Reached skill level 5 in Necromancy
  2401 | D:2      | Noticed Robin
  2557 | D:2      | Killed Robin
  2558 | D:2      | Reached XP level 3. HP: 24/28 MP: 2/6
  2674 | D:2      | Learned a level 3 spell: Vampiric Draining
  3293 | D:3      | Reached XP level 4. HP: 37/37 MP: 2/7
  3682 | D:3      | Noticed a scorpion
  3688 | D:3      | Found a transporter.
  3692 | D:3      | Found a faded altar of an unknown god.
  3792 | D:3      | Reached skill level 6 in Necromancy
  3818 | D:3      | Reached XP level 5. HP: 43/43 MP: 5/9
  3875 | D:3      | Found a transporter.
  3877 | D:3      | Noticed Naeght's ghost (amateur DrGl)
  4380 | D:3      | Learned a level 4 spell: Animate Dead
  4565 | D:4      | Found a staircase to the Ecumenical Temple.
  4573 | Temple   | Entered the Ecumenical Temple
  4611 | Temple   | Became a worshipper of Kikubaaqudgha
  4703 | D:4      | Reached skill level 1 in Fighting
  4937 | D:4      | Noticed a black bear
  4961 | D:4      | Killed a black bear
  4962 | D:4      | Reached XP level 6. HP: 31/51 MP: 0/11
  5838 | D:4      | Found a snail-covered altar of Cheibriados.
  6391 | D:5      | Entered Level 5 of the Dungeon
  6638 | D:5      | Noticed Edmund
  6693 | D:5      | Killed Edmund
  6694 | D:5      | Reached skill level 7 in Necromancy
  6947 | D:5      | Reached XP level 7. HP: 35/58 MP: 12/12
  6974 | D:5      | Learned a level 5 spell: Agony
  8554 | D:6      | Reached skill level 5 in Spellcasting
  9159 | D:6      | Reached XP level 8. HP: 61/68 MP: 8/16
  9640 | D:6      | Learned a level 3 spell: Mephitic Cloud
 10193 | D:6      | Reached skill level 1 in Conjurations
 10193 | D:6      | Reached skill level 8 in Necromancy
 10639 | D:7      | Found a basalt altar of Yredelemnul.
 10643 | D:7      | Found an iron altar of Okawaru.
 10696 | D:7      | Found a sand-covered staircase.
 10704 | Ossuary  | Entered an ossuary
 10831 | Ossuary  | Reached * piety under Kikubaaqudgha
 10831 | Ossuary  | Received a gift from Kikubaaqudgha
 11305 | D:7      | Found Tupuvyck's General Store.
 11313 | D:7      | Bought a +2 helmet for 165 gold pieces
 11313 | D:7      | Bought a +0 buckler of reflection for 85 gold pieces
 11751 | D:7      | Found a glowing golden altar of the Shining One.
 11811 | D:7      | Noticed Prince Ribbit
 12034 | D:7      | Reached skill level 5 in Dodging
 12208 | D:7      | Reached skill level 1 in Maces & Flails
 12208 | D:7      | Gained mutation: You passively map the area around you.
                  | [Deep Dwarf growth]
 12208 | D:7      | Reached XP level 9. HP: 56/78 MP: 4/17
 12369 | D:7      | Killed Prince Ribbit
 12836 | D:7      | Reached skill level 9 in Necromancy
 13425 | D:8      | Found Coabb's Jewellery Shoppe.
 13707 | D:8      | Learned a level 2 spell: Sublimation of Blood
 13767 | D:8      | Noticed a manticore
 13797 | D:8      | Noticed a centaur warrior
 14673 | D:8      | Reached skill level 10 in Necromancy
 14735 | D:8      | Killed a centaur warrior
 14736 | D:8      | Reached skill level 5 in Fighting
 14736 | D:8      | Reached XP level 10. HP: 47/88 MP: 2/18
 15541 | D:9      | Noticed a two-headed ogre
 16154 | D:9      | Reached skill level 11 in Necromancy
 16368 | D:9      | Noticed a boulder beetle
 16746 | D:9      | Noticed a two-headed ogre
 17028 | D:8      | Killed a manticore
 17286 | D:9      | Found a hide-covered altar of Uskayaw.
 17286 | D:9      | Found a shimmering blue altar of Sif Muna.
 17788 | D:9      | Identified the +0 leather armour of Rixzuloy {Str+3 Dex+2
                  | Slay+3 Stlth+}
 18017 | D:9      | Killed a two-headed ogre
 18018 | D:9      | Reached skill level 5 in Conjurations
 18395 | D:9      | HP: 3/91 [two-headed ogre (21)]
 18412 | D:9      | Slain by a two-headed ogre

Illustrated notes

Levels and vault maps discovered:
D:1:      tarquinn_simple_flora_water_d, layout_rooms, skrybe_limestone_x,
          wad_floor_pattern_untrapped
D:2:      layout_basic, uniq_robin
D:3:      minmay_wonky_spiral, layout_loops_ring,
          ebering_ecumenical_altar_abandoned, gammafunk_ghost_arena
D:4:      layout_loops_ring, slow_altar_1, minmay_temple_entry_offerings
D:5:      layout_loops_ring, minivault_1, uniq_edmund
D:6:      layout_basic, minmay_puff
D:7:      layout_cave_pools, grunt_temple_overflow_open, enter_ossuary_4,
          serial_shops, shop, uniq_prince_ribbit1
D:8:      kennysheep_ambush_hall, layout_rooms, serial_shops,
          nicolae_stop_n_shop_2, minmay_misc_feat_nine_boxes
D:9:      layout_grid_maze, jmf_multi_god_temple, st_stairs_14,
          minmay_crystal_water, minivault_23
Temple:   lightli_temple_of_artemis

Skill      XL: |  1  2  3  4  5  6  7  8  9 10 |
---------------+-------------------------------+-----
Necromancy     | 5 6 7 8 10 11 | 11.9
Spellcasting   | 2 3 5 |  5.6
Fighting       | 1 2 4 5 6 |  6.0
Dodging        | 3 5 6 7 |  7.6
Conjurations   | 2 3 5 |  5.0
Maces & Flails | 1 2 3 |  3.8
Short Blades   | |  0.2
Stealth        | |  2.4

Action                   |  1- 3 |  4- 6 |  7- 9 | 10-12 || total
-------------------------+-------+-------+-------+-------++-------
Melee: Dagger            |     7 |       |       |       ||     7
       Short sword       |     5 |    29 |       |       ||    34
       Flail             |       |    10 |   208 |    83 ||   301
 Cast: Pain              |    59 |    55 |    32 |     7 ||   153
       Animate Skeleton  |     2 |     1 |       |       ||     3
       Vampiric Draining |     2 |    16 |    98 |    71 ||   187
       Animate Dead      |       |       |     9 |     3 ||    12
       Sublimation of Bl |       |       |     2 |       ||     2
       Agony             |       |       |     1 |       ||     1
Invok: Receive Corpses   |       |       |     5 |     3 ||     8
Evoke: Wand              |       |       |     1 |     1 ||     2
  Use: Scroll            |     3 |     9 |    10 |     5 ||    27
       Potion            |       |       |     1 |     1 ||     2
 Stab: Distracted        |       |       |     1 |     1 ||     2
Armor: Robe              |     7 |    12 |       |       ||    19
       Leather armour    |       |     9 |   127 |    59 ||   195
       Ring mail         |       |       |    57 |       ||    57
Dodge: Dodged            |    15 |    42 |   262 |   114 ||   433
